 Dungeon Sprint DCSS version 0.30-a0-469-g84de5afbc5 (webtiles) character file.

Game seed: 16824072922078177680

2874 mhtbhm the Spear-Bearer (level 9, -14/78 HPs)
             Began as a Merfolk Fighter on Dec 19, 2022.
             Was a Priest of Okawaru.
             Demolished by a two-headed ogre
             ... wielding a +0 giant club
              (18 damage)
             ... in the Dungeon (Sprint IX: "|||||||||||||||||||||||||||||").
             The game lasted 00:04:18 (930 turns).

mhtbhm the Spear-Bearer (Merfolk Fighter)            Turns: 930, Time: 00:04:19

Health: -14/78     AC: 14    Str: 20    XL:     9   Next: 76%
Magic:  15/16      EV: 14    Int:  8    God:    Okawaru [***...]
Gold:   0          SH:  6    Dex: 13    Spells: 8/8 levels left

rFire   . . .      SeeInvis .    a - +8 whip "Snakebite" {venom, curare, rPois}
rCold   . . .      Faith    .    c - +0 buckler
rNeg    . . .      Spirit   .    b - +1 scale mail
rPois   +          Reflect  .    n - +0 helmet
rElec   .          Harm     .    (no cloak)
rCorr   .          Rampage  .    p - +0 pair of gloves
Will    .....      NoTele   +    (no boots)
Stlth   ..........               (no amulet)
HPRegen 0.33/turn                m - +2 ring of protection
MPRegen 0.15/turn                o - +2 ring of evasion

@: no status effects
A: (nimble swimmer 2), mertail
a: Renounce Religion, Heroism


You were in the Dungeon.
You worshipped Okawaru.
Okawaru was most pleased with you.
You visited 1 branch

Inventory:

Hand Weapons
 a - the +8 whip "Snakebite" (weapon) {venom, curare, rPois}
   (You found it in the Dungeon)

   It poisons the flesh of those it strikes.
   It occasionally inflicts asphyxiating poison on those it strikes, dealing
   poison damage and causing slowness.
   rPois:     It protects you from poison.
Armour
 b - a +1 scale mail (worn)
 c - a +0 buckler (worn)
 n - a +0 helmet (worn)
 p - a +0 pair of gloves (worn)
Jewellery
 m - a +2 ring of protection (left hand)
 o - a +2 ring of evasion (right hand)
Wands
 l - a wand of quicksilver (2)
Scrolls
 j - a scroll of blinking
 k - 2 scrolls of amnesia
Potions
 d - a potion of might
 e - 3 potions of curing
 f - a potion of heal wounds
 g - a potion of haste
 h - 4 potions of magic
 i - a potion of invisibility


   Skills:
 + Level 10.1 Fighting
 + Level 4.1 Maces & Flails
 + Level 12.8 Polearms
 + Level 8.5 Armour
 + Level 5.8 Dodging
 + Level 1.2 Stealth
 + Level 9.2 Shields
 * Level 9.5 Invocations
 + Level 3.3 Evocations


You had 8 spell levels left.
You didn't know any spells.
Your spell library was empty.

Dungeon Overview and Level Annotations

Branches:
Dungeon (1/1)

Altars:
Cheibriados
Dithmenos
Elyvilon
Fedhas
Gozag
Hepliaklqana
Kikubaaqudgha
Makhleb
Nemelex Xobeh
Okawaru
Qazlal
Ru
Sif Muna
Trog
Uskayaw
Vehumet
Wu Jian
Xom
Yredelemnul
Zin
The Shining One
Jiyva
Lugonu


Innate Abilities, Weirdness & Mutations

((You are very nimble when in or above water. (Stealth+, EV+, Speed+++)))
Your lower body shifts to a powerful aquatic tail in water.


Message History

The centaur warrior kicks you but does no damage.
You hit the centaur warrior.
The centaur warrior looks as sick as possible!
The centaur warrior is almost dead.
You kill the centaur warrior!
Okawaru is honoured by your kill.
Your Fighting skill increases to level 10!
Your Dodging skill increases to level 5!
Your Stealth skill increases to level 1!
Your Shields skill increases to level 9!
Your Invocations skill increases to level 9!
Your Evocations skill increases to level 3!
Unknown command.
Aiming: Quicksilver Bolt
Press: ? - help, Shift-Dir - straight line, f - troll
Aim: a troll (74% to hit)
The bolt of dispelling energy hits the troll!!
The troll is severely wounded.
The bolt of dispelling energy hits the two-headed ogre!!
The two-headed ogre is moderately wounded.
The troll barely misses you. The troll closely misses you. The troll claws you.
Unknown command.
Unknown command.
You barely miss the troll.
The troll is severely wounded.
The troll barely misses you. The troll claws you! The troll closely misses you.
Unknown command.
You whack the troll!
The troll is poisoned.
The troll looks as sick as possible!
The troll convulses.
You kill the troll!
Okawaru accepts your kill.
Your Maces & Flails skill increases to level 4!
Unknown command.
Unknown command.
You barely miss the two-headed ogre.
The two-headed ogre is moderately wounded.
The two-headed ogre hits you with a +0 giant club!!
* * * LOW HITPOINT WARNING * * *
The two-headed ogre hits you with a +0 giant club!!
You die...

▓.▓
▓.▓
▓'▓
▓)▓
▓.▓
▓.▓
▓)▓
▓O▓
▓@▓
▓'▓
▓[▓
▓.▓
▓.▓
▓.▓
▓.▓
▓.▓
▓)▓


You could see a two-headed ogre.

Vanquished Creatures
  A centaur warrior (D)
  2 deep elf pyromancers (D)
  A manticore (D)
  A komodo dragon (D)
  2 trolls (D)
  An orc warrior (D)
  A centaur (D)
  2 wights (D)
  A killer bee (D)
  2 iguanas (D)
  An adder (D)
  2 endoplasms (D)
  A goblin (D)
  A jackal (D)
  A kobold (D)
  A rat (D)
21 creatures vanquished.

Notes
Turn   | Place    | Note
-------+----------+-------------------------------------------
     0 | D        | mhtbhm the Merfolk Fighter began the quest for the Orb.
     0 | D        | Reached XP level 1. HP: 18/18 MP: 1/1
    15 | D        | Reached skill level 3 in Polearms
   112 | D        | Noticed a centaur
   112 | D        | Noticed an iguana
   112 | D        | Noticed an iguana
   116 | D        | Reached XP level 2. HP: 25/25 MP: 2/2
   116 | D        | Upgraded the game from 0.30-a0-465-g8901f6c8b5 to
                  | 0.30-a0-469-g84de5afbc5
   118 | D        | Reached XP level 3. HP: 32/32 MP: 3/3
   123 | D        | Reached skill level 5 in Fighting
   123 | D        | Reached skill level 4 in Polearms
   123 | D        | Reached skill level 5 in Shields
   123 | D        | Reached XP level 4. HP: 39/39 MP: 4/4
   124 | D        | Killed a centaur
   125 | D        | Reached skill level 6 in Polearms
   125 | D        | Reached skill level 1 in Dodging
   125 | D        | Reached XP level 5. HP: 46/46 MP: 5/5
   177 | D        | Found a snail-covered altar of Cheibriados.
   177 | D        | Found a shadowy altar of Dithmenos.
   177 | D        | Found a white marble altar of Elyvilon.
   177 | D        | Found a blossoming altar of Fedhas.
   177 | D        | Found an opulent altar of Gozag.
   178 | D        | Found a hazy altar of Hepliaklqana.
   179 | D        | Found a viscous altar of Jiyva.
   180 | D        | Found an ancient bone altar of Kikubaaqudgha.
   181 | D        | Found a corrupted altar of Lugonu.
   182 | D        | Found a burning altar of Makhleb.
   183 | D        | Found a sparkling altar of Nemelex Xobeh.
   184 | D        | Found an iron altar of Okawaru.
   185 | D        | Found a stormy altar of Qazlal.
   186 | D        | Found a sacrificial altar of Ru.
   187 | D        | Found a shimmering blue altar of Sif Muna.
   188 | D        | Found a bloodstained altar of Trog.
   189 | D        | Found a hide-covered altar of Uskayaw.
   190 | D        | Found a radiant altar of Vehumet.
   191 | D        | Found an ornate altar of the Wu Jian Council.
   192 | D        | Found a shimmering altar of Xom.
   193 | D        | Found a basalt altar of Yredelemnul.
   194 | D        | Found a glowing silver altar of Zin.
   195 | D        | Found a glowing golden altar of the Shining One.
   222 | D        | Became a worshipper of Warmaster Okawaru
   234 | D        | Found the +8 whip "Snakebite" {venom, curare, rPois}
   301 | D        | Noticed an orc warrior
   301 | D        | Noticed a komodo dragon
   301 | D        | Noticed a troll
   312 | D        | Reached skill level 7 in Polearms
   312 | D        | Reached skill level 5 in Armour
   312 | D        | Reached XP level 6. HP: 48/55 MP: 5/8
   314 | D        | Killed a troll
   315 | D        | Reached skill level 1 in Maces & Flails
   315 | D        | Reached skill level 9 in Polearms
   315 | D        | Reached XP level 7. HP: 41/62 MP: 5/10
   317 | D        | Reached * piety under Okawaru
   318 | D        | Reached skill level 5 in Invocations
   320 | D        | Killed a komodo dragon
   321 | D        | Reached skill level 10 in Polearms
   321 | D        | Reached skill level 1 in Evocations
   321 | D        | Reached XP level 8. HP: 23/70 MP: 6/12
   487 | D        | Noticed a two-headed ogre
   487 | D        | Noticed a troll
   487 | D        | Noticed a deep elf pyromancer
   487 | D        | Noticed a centaur warrior
   487 | D        | Noticed a manticore
   487 | D        | Noticed a deep elf pyromancer
   491 | D        | Killed a deep elf pyromancer
   491 | D        | Reached ** piety under Okawaru
   492 | D        | Reached skill level 11 in Polearms
   497 | D        | Killed a deep elf pyromancer
   498 | D        | Reached XP level 9. HP: 46/78 MP: 12/15
   917 | D        | Killed a manticore
   917 | D        | Reached *** piety under Okawaru
   918 | D        | Reached skill level 12 in Polearms
   926 | D        | Killed a centaur warrior
   927 | D        | Reached skill level 10 in Fighting
   927 | D        | Reached skill level 5 in Dodging
   927 | D        | Reached skill level 1 in Stealth
   929 | D        | Killed a troll
   930 | D        | Demolished by a two-headed ogre

Illustrated notes

Levels and vault maps discovered:
D:        linesprint [early_d, line_temple, items_1, d_10, items_2, lair_1,
          lair_end, items_3, orc_1, orc_end, items_4, d_15, swamp_1, shoals_1,
          snake_1, spider_1, d_20, vaults_1, items_5, swamp_end, shoals_end,
          snake_end, spider_end, vaults_end, d_27, items_6, zot_1, zot_end,
          crypt_end, forest_end, elf_end, slime_end, tomb_end, abyss_end,
          pan_hell_end]

Skill      XL: |  1  2  3  4  5  6  7  8  9 |
---------------+----------------------------+-----
Polearms       | 3 4 6 7 9 10 11 12 | 12.8
Fighting       | 4 5 6 7 8 9 10 | 10.1
Armour         | 3 4 5 6 7 8 |  8.5
Shields        | 4 5 6 7 8 9 |  9.2
Dodging        | 1 2 3 4 5 |  5.8
Invocations    | 3 4 6 8 9 |  9.5
Maces & Flails | 1 2 4 |  4.1
Evocations     | 1 2 3 |  3.3
Stealth        | 1 |  1.2

Action                   |  1- 3 |  4- 6 |  7- 9 || total
-------------------------+-------+-------+-------++-------
Melee: Trident           |    19 |     4 |       ||    23
       Whip              |       |    10 |    26 ||    36
Evoke: Wand              |       |     2 |     6 ||     8
  Use: Potion            |     1 |     1 |     3 ||     5
       Scroll            |       |       |     1 ||     1
Armor: Scale mail        |     2 |    13 |    17 ||    32
Dodge: Dodged            |     6 |    10 |    27 ||    43
Block: Buckler           |     3 |     2 |    11 ||    16

Table legend: (Time is in decaauts)
 A = Elapsed time spent in this place.
 B = Non-inter-level travel time spent in this place.
 C = Inter-level travel time spent in this place.
 D = Time resting spent in this place.
 E = Time spent auto-exploring this place.
 F = Levels seen in this place.
 G = Mean time per level.
                   A        B        C        D        E       F      G
               +--------+--------+--------+--------+--------+-----+--------+
         Total |    943 |    943 |      0 |    693 |      3 |   1 |  943.0 |
       Dungeon |    943 |    943 |      0 |    693 |      3 |   1 |  943.0 |
               +--------+--------+--------+--------+--------+-----+--------+

Top non-repeatable levels by time:
       D: 943 daAuts
